 Dungeon Crawl Stone Soup version 0.25.1-9-gc5326a611f (webtiles) character file.

Game seed: 13923829197418015346

298 KamiKatze the Shield-Bearer (level 6, 0/48 HPs)
             Began as a Formicid Fighter on Dec 30, 2020.
             Slain by an ogre
             ... wielding a cursed +0 giant spiked club
              (21 damage)
             ... on level 4 of the Dungeon.
             The game lasted 00:14:28 (3078 turns).

KamiKatze the Shield-Bearer (Formicid Fighter)      Turns: 3078, Time: 00:14:29

Health: 0/48       AC:  7    Str: 23    XL:     6   Next: 62%
Magic:  6/6        EV:  9    Int:  7    God:
Gold:   290        SH: 10    Dex: 10    Spells: 5/5 levels left

rFire    . . .     SeeInvis +   D - +0 hand axe (vamp)
rCold    + . .     Gourm    .   c - +0 kite shield
rNeg     . . .     Faith    .   b - +0 scale mail
rPois    .         Spirit   .   (helmet unavailable)
rElec    .         Reflect  .   (no cloak)
rCorr    .         Harm     .   (no gloves)
MR       .....                  (no boots)
Stlth    ..........             (no amulet)
HPRegen  0.16/turn              C - ring of protection from cold
MPRegen  0.10/turn              (no ring)

@: no status effects
A: permanent stasis, dig shafts and tunnels, four strong arms, antennae 3
a: Dig, Shaft Self


You were on level 4 of the Dungeon.
You were not hungry.

You visited 1 branch of the dungeon, and saw 4 of its levels.

You collected 290 gold pieces.

Inventory:

Hand Weapons
 a - a +0 war axe
 q - a +0 dire flail
 D - a +0 vampiric hand axe (weapon)
Missiles
 g - 50 stones
 v - 7 poisoned darts (quivered)
Armour
 b - a +0 scale mail (worn)
 c - a +0 kite shield (worn)
 s - a cursed +0 tower shield
 y - a +0 chain mail
 z - a +2 plate armour of fire resistance
Jewellery
 C - a ring of protection from cold (left hand)
Scrolls
 i - 6 scrolls of teleportation {unknown}
 o - 2 scrolls of blinking {unknown}
 t - a scroll of remove curse {unknown}
 u - 3 scrolls of identify {unknown}
 x - a scroll of magic mapping {unknown}
 A - a scroll of fear {unknown}
 B - a scroll of amnesia {unknown}
Potions
 d - 2 potions of might
 e - a potion of flight {unknown}
 j - a potion of berserk rage {unknown}
 k - a potion of stabbing {unknown}
 l - 2 potions of mutation {unknown}
 m - a potion of brilliance {unknown}
 n - a potion of ambrosia {unknown}
 p - 2 potions of heal wounds {unknown}
 r - a potion of lignification {unknown}
 w - a potion of degeneration {unknown}
Comestibles
 f - 8 rations
 h - 11 chunks of flesh


   Skills:
 + Level 4.0 Fighting
 * Level 3.4 Axes
 - Level 2.0 Throwing
 + Level 4.0 Armour
 - Level 2.0 Dodging
 * Level 5.2 Shields


You had 5 spell levels left.
You didn't know any spells.
Your spell library contained the following spells:

 Spells                   Type           Power        Failure   Level  Hunger
 Corona                   Hex            #......      95%         1    ##.....
 Ensorcelled Hibernation  Hex/Ice        #.....       98%         2    ###....
 Confusing Touch          Hex            #.......     100%        3    ####...
 Dazzling Flash           Conj/Hex       #.....       100%        3    ####...
 Tukima's Dance           Hex            #.......     100%        3    ####...


Dungeon Overview and Level Annotations

Branches:
Dungeon (4/15)
 Temple: D:4-7

Altars:

Shops:
D:4 %


Innate Abilities, Weirdness & Mutations

You cannot be hasted, slowed, berserked, paralysed or teleported.
You can dig through walls and to a lower floor.
Your four strong arms can wield two-handed weapons with a shield.
You have a pair of large antennae on your head. (SInv)


Message History

You block the ogre's attack.
Throwing (i - inventory. (/) - cycle)
v - 9 poisoned darts (quivered)
Press: ? - help, Shift-Dir - straight line, f - ogre
Aim: an ogre, wielding a +0 giant spiked club (moderately wounded)
You throw a poisoned dart. The poisoned dart hits the ogre.
The ogre is poisoned.
The ogre is moderately wounded.
You block the ogre's attack.
Throwing (i - inventory. (/) - cycle)
v - 8 poisoned darts (quivered)
Press: ? - help, Shift-Dir - straight line, f/p - ogre
Aim: an ogre, wielding a +0 giant spiked club (moderately wounded, poisoned)
You throw a poisoned dart. The poisoned dart hits the ogre.
The ogre looks even sicker.
The ogre is moderately wounded.
You see here a whip.
The ogre looks more healthy.
You hit the ogre.
You feel better.
The ogre is almost dead.
The ogre hits you with a cursed +0 giant spiked club!!
You die...

......>...# ..#.###...#
..#.###...# ######
..#.##....########....#
#'#'##.....##....#.##.#
.....#.....##.##.#.##.###
...........##.##.#.##...#
......).......##O#.####.#
......##.#######@#.## #.#
.........#######.#..# #.#
.....###.........##.###.#
###### #........###.#...#
{ #........'...#.### { {
##.......###...# {
#.......###.### {
........#...# {
...######.###


You could see an ogre.

Vanquished Creatures
  2 orc priests (D:4)
  An iguana (D:3)
  3 gnolls
  7 adders
  2 oozes
  6 worms
  A dart slug (D:1)
  4 leopard geckos
  8 orcs
  3 giant cockroaches
  10 goblins
  5 hobgoblins
  8 jackals
  7 kobolds
  A quokka (D:3)
  2 ball pythons
  10 bats
  5 frilled lizards
  4 rats
89 creatures vanquished.

Notes
Turn   | Place    | Note
-------+----------+-------------------------------------------
     0 | D:1      | KamiKatze the Formicid Fighter began the quest for the Orb.
     0 | D:1      | Reached XP level 1. HP: 18/18 MP: 1/1
    27 | D:1      | Reached XP level 2. HP: 24/24 MP: 2/2
   202 | D:1      | Reached XP level 3. HP: 17/29 MP: 3/3
   265 | D:1      | Reached skill level 1 in Throwing
   603 | D:1      | Reached skill level 4 in Shields
   640 | D:2      | Reached skill level 1 in Dodging
   741 | D:2      | Reached XP level 4. HP: 34/35 MP: 4/4
  1587 | D:3      | Reached XP level 5. HP: 24/42 MP: 5/5
  2442 | D:3      | Reached XP level 6. HP: 41/48 MP: 6/6
  2579 | D:4      | Found Acsohor's Food Shop.
  2796 | D:4      | Reached skill level 5 in Shields
  3041 | D:4      | Noticed an ogre
  3078 | D:4      | Slain by an ogre

Illustrated notes

Levels and vault maps discovered:
D:1:      eino_arrival_cavern_e, layout_rooms, minmay_tripent
D:2:      layout_basic
D:3:      layout_loops_ring, first_ration, dk_vineyard_2
D:4:      layout_basic, serial_shops, nicolae_shop_waterfront

Skill      XL: |  1  2  3  4  5  6 |
---------------+-------------------+-----
Throwing       | 1 2 |  2.0
Shields        | 4 5 |  5.2
Dodging        | 1 2 |  2.0
Axes           | 3 |  3.4
Fighting       | 4 |  4.0
Armour         | 4 |  4.0

Action                   |  1- 3 |  4- 6 || total
-------------------------+-------+-------++-------
Melee: War axe           |   102 |   246 ||   348
       Hand axe          |       |     9 ||     9
Throw: Stone             |       |     4 ||     4
       Dart              |       |     5 ||     5
  Eat: Chunk             |       |     8 ||     8
Armor: Scale mail        |    52 |    96 ||   148
Dodge: Dodged            |    42 |    94 ||   136
Block: Kite shield       |    59 |   137 ||   196
